 Dungeon Crawl Stone Soup version 0.24-a0-479-g9a978d2894 (webtiles) character file.

Game seed: 15376528065039709783

1 Elric the Ruffian (level 1, 0/20 HPs)
             Began as a Gnoll Wanderer on July 8, 2019.
             Slain by a jackal (1 damage)
             ... on level 1 of the Dungeon.
             The game lasted 00:00:19 (36 turns).

Elric the Ruffian (Gnoll Wanderer)                    Turns: 36, Time: 00:00:19

Health: 0/20       AC:  2    Str: 15    XL:     1   Next: 20%
Magic:  1/1        EV: 11    Int: 13    God:
Gold:   0          SH:  0    Dex: 14    Spells: 0/0 levels left

rFire    . . .     SeeInvis .   f - +0 dagger
rCold    . . .     Gourm    .   (no shield)
rNeg     . . .     Faith    .   e - +0 robe
rPois    .         Spirit   .   (no helmet)
rElec    .         Reflect  .   (no cloak)
rCorr    .         Harm     .   (no gloves)
MR       .....                  (no boots)
Stlth    +++.......             (no amulet)
HPRegen  0.06/turn              (no ring)
MPRegen  0.07/turn              (no ring)

@: no status effects
A: distributed training, fangs 1, strong nose
a: no special abilities


You were on level 1 of the Dungeon.
You were not hungry.

You visited 1 branch of the dungeon, and saw 1 of its levels.

Inventory:

Hand Weapons
 a - a +0 hand axe
 f - a +0 dagger (weapon)
Armour
 e - a +0 robe (worn)
Potions
 b - a potion of berserk rage
 c - a potion of heal wounds
 d - a potion of curing
Comestibles
 g - a ration


   Skills:
 + Level 4.4 Fighting
 + Level 0.0 Short Blades
 + Level 0.0 Long Blades
 + Level 2.3 Axes
 + Level 0.0 Maces & Flails
 + Level 0.0 Polearms
 + Level 0.0 Staves
 + Level 0.0 Slings
 + Level 0.0 Bows
 + Level 0.0 Crossbows
 + Level 0.0 Throwing
 + Level 4.4 Armour
 + Level 0.0 Dodging
 + Level 4.0 Stealth
 + Level 0.0 Shields
 + Level 6.4 Unarmed Combat
 + Level 0.0 Spellcasting
 + Level 0.0 Conjurations
 + Level 0.0 Hexes
 + Level 0.0 Charms
 + Level 0.0 Summonings
 + Level 0.0 Necromancy
 + Level 0.0 Translocations
 + Level 0.0 Transmutations
 + Level 0.0 Fire Magic
 + Level 0.0 Ice Magic
 + Level 0.0 Air Magic
 + Level 0.0 Earth Magic
 + Level 0.0 Poison Magic
 + Level 0.0 Invocations
 + Level 0.0 Evocations


You couldn't memorise any spells.
You didn't know any spells.
Your spell library was empty.

Dungeon Overview and Level Annotations

Branches:
Dungeon (1/15)

Altars:


Innate Abilities, Weirdness & Mutations

Your experience applies equally to all skills.
You have very sharp teeth.
Your uncanny sense of smell can sniff out nearby items.


Message History

The jackal bites you.
* * * LOW HITPOINT WARNING * * *
The jackal barely misses you.
You are too injured to fight recklessly!
You hit the jackal.
You kill the jackal!
The jackal bites you but does no damage.
The jackal closely misses you.
You hit the jackal but do no damage. The jackal misses you.
The jackal bites you.
* * * LOW HITPOINT WARNING * * *
You are too injured to fight recklessly!
The jackal bites you but does no damage. x2
The jackal bites you.
* * * LOW HITPOINT WARNING * * *
You are too injured to fight recklessly!
You hit the jackal.
The jackal is heavily wounded.
The jackal bites you.
You die...

≈§#≈§#..#≈≈#≈§#
≈§≈§≈#..#≈≈≈§≈#
§§§≈≈≈..≈§§§≈≈#
####≈≈≈≈≈..≈≈§≈§##
..##≈≈≈#≈..≈#≈≈§#
#.###≈§≈≈..≈≈≈§##
##.####.#
###§≈..≈§###
#..>....#######''###
#.........†hh@....#
.....##..##K#####.#
### #..##.# #.#
....##.# #.#
##..###.# #.# #.##
#.. #.# #. ### #.#
#. #.# #.#


You could see 2 jackals and a kobold.

Vanquished Creatures
  A jackal (D:1)
1 creature vanquished.

Notes
Turn   | Place    | Note
-------+----------+-------------------------------------------
     0 | D:1      | Elric the Gnoll Wanderer began the quest for the Orb.
     0 | D:1      | Elric set off with the following items: a +0 hand axe, a
                  | potion of berserk rage, a potion of heal wounds, a potion
                  | of curing, a +0 robe, a +0 dagger, a ration
     0 | D:1      | Reached XP level 1. HP: 20/20 MP: 1/1
    35 | D:1      | HP: 1/20 [jackal (1)]
    36 | D:1      | Slain by a jackal

Levels and vault maps discovered:
D:1:      lightli_molten_gateway, layout_loops_ring, minmay_crystal_room

Action                   || total
-------------------------++-------
Melee: Dagger            ||     9
Armor: Robe              ||     6
Dodge: Dodged            ||    20

Table legend:
 A = Non-vault XP
 B = Vault XP
 C = Vault XP percentage of total XP
 D = Non-vault monster count
 E = Vault monster count
 F = Vault count percentage of total count
                 A         B        C        D         E       F
            +---------+---------+-------+---------+---------+-------
      Total |       2 |       0 |   0.0 |       1 |       0 |   0.0
            +---------+---------+-------+---------+---------+-------
        D:1 |       2 |       0 |   0.0 |       1 |       0 |   0.0
            +---------+---------+-------+---------+---------+-------
